 Dungeon Crawl Stone Soup version 0.28.0 (webtiles) character file.

Game seed: 7013529469274520457

101 browni3141 the Chopper (level 4, 0/61 HPs)
             Began as a Minotaur Berserker on Feb 17, 2022.
             Was a Believer of Trog.
             Succumbed to an adder's poison
             ... on level 3 of the Dungeon.
             The game lasted 00:00:56 (2452 turns).

browni3141 the Chopper (Minotaur Berserker)         Turns: 2452, Time: 00:00:57

Health: 0/61       AC:  2    Str: 23    XL:     4   Next: 48%
Magic:  3/3        EV: 12    Int:  4    God:    Trog [**....]
Gold:   64         SH:  0    Dex: 10    Spells: 3/3 levels left

rFire   . . .      SeeInvis .   a - +0 hand axe
rCold   . . .      Faith    .   (no shield)
rNeg    . . .      Spirit   .   b - +0 animal skin
rPois   .          Reflect  .   (helmet restricted)
rElec   .          Harm     .   (no cloak)
rCorr   .          Rampage  .   (no gloves)
Will    .....                   (no boots)
Stlth   ..........              (no amulet)
HPRegen 0.20/turn               (no ring)
MPRegen 0.08/turn               (no ring)

@: berserking (expiring), lethally poisoned (0 -> -5), very quick
A: horns 2, retaliatory headbutt
a: Renounce Religion, Berserk, Trog's Hand


You were on level 3 of the Dungeon.
You worshipped Trog.
Trog was pleased with you.
You visited 1 branch of the dungeon, and saw 3 of its levels.

You collected 64 gold pieces.


Innate Abilities, Weirdness & Mutations

You have a pair of horns on your head.
You reflexively headbutt those who attack you in melee.


   Skills:
 + Level 4.4 Fighting
 * Level 5.2 Axes
 + Level 3.5 Armour
 - Level 2.1 Dodging


You had 3 spell levels left.
You didn't know any spells.
Your spell library was empty.

Inventory:

Hand Weapons
 a - a +0 hand axe (weapon)
Armour
 b - a +0 animal skin (worn)
Scrolls
 c - 2 scrolls of identify {unknown}
 e - a scroll of teleportation {unknown}
 f - 5 scrolls of noise {unknown}
 g - 2 scrolls of magic mapping {unknown}
 h - a scroll of fear {unknown}
 i - a scroll of summoning {unknown}
 j - a scroll of enchant weapon {unknown}
Potions
 d - 2 potions of invisibility {unknown}
 k - 2 potions of mutation {unknown}
 l - 2 potions of flight {unknown}
 m - a potion of magic {unknown}

Dungeon Overview and Level Annotations

Branches:
Dungeon (3/15)

Altars:

Shops:
D:1 ?

Annotations:
D:3 2 transporters

#. ##.. # #.##..)
#. #..#..# .. .
#.#..# J#.#
....###..# #.#....#
####.#††#S#
#....†..@)###
#......###...#
#......## .#.# .#
#.<.....##...###..
#.................
#........####..###
..........†........
¦¦¦¦¦......#....###
.©¦.....(#....#


You could see an adder and an endoplasm.


Message History

You barely miss the jackal. You slash the goblin!
You kill the goblin!
Trog accepts your kill.
The jackal bites you but does no damage.
You are too injured to fight recklessly!
You are too injured to fight recklessly!
You barely miss the jackal. The jackal misses you.
You are too injured to fight recklessly!
You barely miss the jackal. You hit the hobgoblin.
An endoplasm comes into view.
The jackal barely misses you.
You are too injured to fight recklessly!
You slash the jackal!
You kill the jackal!
Trog accepts your kill.
You hit the hobgoblin.
You kill the hobgoblin!
Trog accepts your kill.
You slash the goblin!
You kill the goblin!
Trog accepts your kill.
You are too injured to fight recklessly!
You barely miss the adder. The adder bites you.
* * * LOW HITPOINT WARNING * * *
You are lethally poisoned!
The adder poisons you!
You are too injured to fight recklessly!
You are too injured to fight recklessly!
You barely miss the adder.
You die...

Skill      XL: |  1  2  3  4 |
---------------+-------------+-----
Axes           | 4 5 |  5.2
Fighting       | 4 |  4.4
Armour         | 3 |  3.5
Dodging        | |  2.1

Action                   |  1- 3 |  4- 6 || total
-------------------------+-------+-------++-------
Melee: Hand axe          |    80 |    36 ||   116
       Headbutt          |    11 |     3 ||    14
       Punch             |     1 |       ||     1
Invok: Berserk           |       |     1 ||     1
 Stab: Sleeping          |     1 |     1 ||     2
Armor: Animal skin       |    18 |     4 ||    22
Dodge: Dodged            |    49 |    15 ||    64

Levels and vault maps discovered:
D:1:      elethiomel_arrival_shortcut, layout_basic, serial_shops, shop_scrolls,
          ebering_ecumenical_altar_rust
D:2:      layout_basic, serial_corexii_hall, corexii_hall_statues_l,
          corexii_hall_statues_l, chequers_hall_statues_corner_a,
          corexii_hall_statues_x, minmay_hexomino_p4
D:3:      layout_basic, gammafunk_ghost_smash, minmay_starry_boxes, uniq_grinder

Notes
Turn   | Place    | Note
-------+----------+-------------------------------------------
     0 | D:1      | browni3141 the Minotaur Berserker began the quest for the
                  | Orb.
     0 | D:1      | Reached XP level 1. HP: 19/19 MP: 0/0
   123 | D:1      | Reached skill level 4 in Axes
   128 | D:1      | Reached XP level 2. HP: 27/27 MP: 1/1
   469 | D:1      | Reached skill level 4 in Fighting
   480 | D:1      | Reached skill level 3 in Armour
   480 | D:1      | Reached XP level 3. HP: 15/33 MP: 2/2
   672 | D:1      | Reached ** piety under Trog
   850 | D:1      | Found Epaxigg's Magic Scroll Shop.
  1127 | D:1      | Found a faded altar of an unknown god.
  1770 | D:2      | Reached XP level 4. HP: 40/40 MP: 3/3
  1814 | D:2      | Reached skill level 5 in Axes
  2374 | D:3      | Found a transporter.
  2388 | D:3      | Found a transporter.
  2445 | D:3      | HP: 3/61 [goblin (10)]
  2451 | D:3      | HP: 1/61 [adder (2)]
  2452 | D:3      | Succumbed to an adder's poison

Vanquished Creatures
  2 adders
  3 worms (D:3)
  A dart slug (D:1)
  2 ball pythons
  6 bats
  9 endoplasms
  3 giant cockroaches
  8 goblins
  8 hobgoblins
  8 jackals
  2 quokkas (D:1)
  3 frilled lizards (D:1)
  A kobold (D:1)
  7 rats
63 creatures vanquished.

Table legend: (Time is in decaauts)
 A = Elapsed time spent in this place.
 B = Non-inter-level travel time spent in this place.
 C = Inter-level travel time spent in this place.
 D = Time resting spent in this place.
 E = Time spent auto-exploring this place.
 F = Levels seen in this place.
 G = Mean time per level.
                   A        B        C        D        E       F      G
               +--------+--------+--------+--------+--------+-----+--------+
         Total |   2457 |   2428 |     29 |      0 |   2092 |   3 |  819.0 |
       Dungeon |   2457 |   2428 |     29 |      0 |   2092 |   3 |  819.0 |
               +--------+--------+--------+--------+--------+-----+--------+

Top non-repeatable levels by time:
     D:1: 1193 daAuts
     D:2: 982 daAuts
     D:3: 281 daAuts

Table legend:
 A = Non-vault XP
 B = Vault XP
 C = Vault XP percentage of total XP
 D = Non-vault monster count
 E = Vault monster count
 F = Vault count percentage of total count
                 A         B        C        D         E       F
            +---------+---------+-------+---------+---------+-------
      Total |     127 |      18 |  12.4 |      55 |       8 |  12.7
            +---------+---------+-------+---------+---------+-------
        D:1 |      58 |       0 |   0.0 |      31 |       0 |   0.0
        D:2 |      37 |       8 |  17.8 |      16 |       4 |  20.0
        D:3 |      32 |      10 |  23.8 |       8 |       4 |  33.3
            +---------+---------+-------+---------+---------+-------
